[Event "Titled Tuesday Blitz August 15 Late 2023"]
[White "KrokerGuy"]
[Black "Curtis, John"]
[BlackFideId "3200256"]
[WhiteElo "2435"]
[BlackElo "2056"]
[Result "1-0"]
[Round "4"]
[TimeControl "180+1"]
[Date "2023.08.15"]
[WhiteClock "0:00:03"]
[BlackClock "0:00:31"]
[Board "143"]

1. e4 d5 2. exd5 Qxd5 3. Nc3 Qa5 4. d4 Nf6 5. Nf3 c6 6. Bc4 Bg4 7. h3 Bxf3 8. Qxf3 e6 9. O-O Bd6 10. Ne4 Nxe4 11. Qxe4 Nd7 12. Bd3 Nf6 13. Qe2 Rd8 14. c3 Qc7 15. Bg5 Bf4 16. Bxf6 gxf6 17. Qh5 c5 18. Rfe1 Kf8 19. g3 Bxg3 20. Re4 Rg8 21. Kh1 Bxf2 22. Qh6+ Ke7 23. Rf4 Rg6 24. Bxg6 hxg6 25. Rxf2 Qg3 26. Rg2 Qf3 27. dxc5 Rd3 28. Qh4 Qf5 29. Kh2 Qe5+ 30. Kh1 Qf5 31. Kh2 g5 32. Qg4 Qe5+ 33. Kh1 Re3 34. Rag1 Qxc5 35. Qb4 Qxb4 36. cxb4 Rxh3+ 37. Rh2 Rd3 38. Rc1 Rd7 39. Rhc2 f5 40. Rc7 e5 41. Rxd7+ Kxd7 42. Kg2 e4 43. Rc5 Ke6 44. Rc7 f4 45. Rxb7 g4 46. Kf1 e3 47. Ke2 f5 48. Rxa7 Ke5 49. Re7+ Kf6 50. Re8 g3 51. Kf3 e2 52. Rxe2 Kg5 53. b5 Kf6 54. b6 Kg6 55. b7 Kg5 56. b8=Q Kf6 57. Qf8+ Kg6 58. Re6+ Kh5 59. Qh6# 1-0


[Site "https://www.chess.com"]

[Event "Titled Tuesday Blitz August 15 Late 2023"]
[White "Danishcrown"]
[Black "Buchenau, Frank"]
[BlackFideId "4604350"]
[WhiteElo "2054"]
[BlackElo "2432"]
[Result "0-1"]
[Round "4"]
[TimeControl "180+1"]
[Date "2023.08.15"]
[WhiteClock "0:00:00"]
[BlackClock "0:00:59"]
[Board "144"]

1. e4 e6 2. d4 d5 3. e5 c5 4. c3 Qb6 5. Nf3 Bd7 6. Bd3 cxd4 7. cxd4 Nc6 8. Bc2 Nb4 9. O-O Nxc2 10. Qxc2 Ne7 11. Nc3 Rc8 12. Qb3 Qxb3 13. axb3 Nc6 14. Be3 Be7 15. Na4 O-O 16. Rfc1 Na5 17. Rxc8 Rxc8 18. b4 Bxb4 19. Nc5 Bc6 20. Nd3 Nb3 21. Rxa7 Ba5 22. Nc5 Bb6 23. Ra3 Nxc5 24. dxc5 Bc7 25. b4 Bb5 26. Bd4 Kf8 0-1


[Site "https://www.chess.com"]

[Event "Titled Tuesday Blitz August 15 Late 2023"]
[White "Navyblue1"]
[Black "financieru"]
[WhiteElo "2007"]
[BlackElo "2429"]
[Result "1-0"]
[Round "4"]
[TimeControl "180+1"]
[Date "2023.08.15"]
[WhiteClock "0:00:13"]
[BlackClock "0:00:51"]
[Board "145"]

1. d4 Nf6 2. c4 g6 3. Nc3 Bg7 4. e4 d6 5. h3 O-O 6. Be3 e5 7. d5 a5 8. g4 Ne8 9. Nge2 f5 10. gxf5 gxf5 11. exf5 Bxf5 12. Ng3 Bg6 13. Bg2 Na6 14. h4 Nc5 15. Bxc5 dxc5 16. h5 Bf7 17. Qg4 Nf6 18. Qg5 Nd7 19. Qg4 Kh8 20. h6 Bf6 21. Be4 Rg8 22. Qf5 Bg6 23. Qf3 Qe7 24. Bxg6 Rxg6 25. Nce4 Bg5 26. Nxg5 Rxg5 27. O-O-O Rf8 28. Qe3 Qf6 29. Ne4 Qb6 30. Nxg5 Nf6 31. Ne6 Rg8 32. Rdg1 Qb4 33. Rxg8+ Kxg8 34. Qc3 Qa4 35. Rg1+ Kf7 36. Qg3 Ke8 37. Qg7 Qxc4+ 38. Kb1 Qe4+ 39. Ka1 Qxd5 40. Qf8+ Kd7 41. Qf7+ Kc6 42. Qxf6 c4 43. Nd4+ Kc5 44. Nc2 c3 45. Ne3 Qd2 46. bxc3 Qxc3+ 47. Kb1 Qd3+ 48. Kc1 Qc3+ 49. Kd1 Qd3+ 50. Ke1 Qc3+ 51. Kf1 Qd3+ 52. Kg2 Qe4+ 53. Qf3 Qh4 54. Qg3 Qe4+ 55. Kh2 Qd3 56. Rc1+ Kb5 57. Qxe5+ Ka6 58. Qxc7 Qd2 59. Qc4+ Ka7 60. Qc5+ Ka6 61. Qc4+ Ka7 62. Rc2 Qd6+ 63. Kg2 Qg6+ 64. Kf1 Qxh6 65. Ke2 Qh5+ 66. Kd2 Qh2 67. Qc5+ Ka8 68. Qf8+ Ka7 69. Qc5+ b6 70. Qc7+ Qxc7 71. Rxc7+ Ka6 72. Rxh7 Kb5 73. Nc2 a4 74. f4 Kc4 75. f5 b5 76. f6 b4 77. f7 b3 78. axb3+ axb3 79. Kc1 b2+ 80. Kxb2 Kd3 81. Na1 Kd2 82. f8=Q Kd1 83. Qe8 Kd2 84. Rd7# 1-0


[Site "https://www.chess.com"]

[Event "Titled Tuesday Blitz August 15 Late 2023"]
[White "Burke, Paul"]
[Black "Vafin, Ayrat"]
[WhiteFideId "2605767"]
[BlackFideId "4146530"]
[WhiteElo "1845"]
[BlackElo "2426"]
[Result "0-1"]
[Round "4"]
[TimeControl "180+1"]
[Date "2023.08.15"]
[WhiteClock "0:00:50"]
[BlackClock "0:01:09"]
[Board "146"]

1. e4 e5 2. Nf3 Nf6 3. d3 Nc6 4. Be2 d5 5. exd5 Nxd5 6. O-O Be7 7. Nc3 O-O 8. Nxd5 Qxd5 9. Nd2 Be6 10. Bf3 Qd7 11. Ne4 h6 12. Ng3 f5 13. Bxc6 Qxc6 14. Qe2 f4 15. Ne4 f3 16. gxf3 Bh3 17. Re1 Rae8 18. Ng3 Bc5 19. Kh1 Rxf3 20. Ne4 Rxf2 0-1


[Site "https://www.chess.com"]

[Event "Titled Tuesday Blitz August 15 Late 2023"]
[White "Manon-og, Ramon Jr."]
[Black "Pinheiro, Iung Alicio de O."]
[WhiteFideId "5200776"]
[BlackFideId "2104350"]
[WhiteElo "2311"]
[BlackElo "2599"]
[Result "1-0"]
[Round "4"]
[TimeControl "180+1"]
[Date "2023.08.15"]
[WhiteClock "0:00:06"]
[BlackClock "0:00:00"]
[Board "147"]

1. e4 c5 2. Nf3 Nc6 3. Bb5 e6 4. O-O Nge7 5. c4 a6 6. Ba4 g6 7. Nc3 Bg7 8. d3 O-O 9. Bg5 Nd4 10. Nxd4 cxd4 11. Ne2 h6 12. Bh4 g5 13. Bg3 f5 14. f3 f4 15. Bf2 e5 16. b4 d6 17. c5 d5 18. Bb3 Kh8 19. a4 dxe4 20. dxe4 Ng6 21. Nc1 h5 22. Nd3 g4 23. fxg4 hxg4 24. b5 Qg5 25. g3 Qh5 26. Bd5 Qh3 27. Qc2 f3 28. Be1 Bh6 29. Bb4 Be3+ 30. Kh1 Kg7 31. c6 b6 32. Bxf8+ Nxf8 33. Nxe5 Be6 34. Nc4 axb5 35. axb5 Rxa1 36. Rxa1 f2 37. Qe2 Bxd5 38. exd5 Ng6 39. Qf1 Qh5 40. Qg2 Ne5 41. Nxe5 Qxe5 42. Rf1 d3 43. h3 d2 44. hxg4 Qd4 45. c7 d1=Q 46. c8=Q Q1xg4 47. Qc7+ Kg6 48. Qd6+ 1-0


[Site "https://www.chess.com"]

[Event "Titled Tuesday Blitz August 15 Late 2023"]
[White "Hirneise, Jens"]
[Black "Coelho, Ramyres Santana"]
[WhiteFideId "24614734"]
[BlackFideId "2120690"]
[WhiteElo "2488"]
[BlackElo "2279"]
[Result "0-1"]
[Round "4"]
[TimeControl "180+1"]
[Date "2023.08.15"]
[WhiteClock "0:00:03"]
[BlackClock "0:00:14"]
[Board "148"]

1. c4 e5 2. Nc3 Ne7 3. e4 g6 4. d4 Bg7 5. dxe5 Bxe5 6. Nf3 Bg7 7. h4 d6 8. h5 O-O 9. h6 Bh8 10. Bg5 Be6 11. Qd2 f6 12. Be3 Nbc6 13. O-O-O Ne5 14. Nd5 Nxd5 15. exd5 Nxf3 16. gxf3 Bf7 17. Bh3 b5 18. cxb5 a6 19. b6 cxb6 20. Kb1 a5 21. Rhg1 a4 22. Be6 b5 23. Bd4 b4 24. Qd3 Bxe6 25. dxe6 f5 26. Bxh8 Kxh8 27. Qxd6 Qxd6 28. Rxd6 Rfe8 29. f4 Kg8 30. Re1 Re7 31. Kc2 Rc8+ 32. Kd3 b3 33. axb3 axb3 34. Re2 Kf8 35. Rb6 Rd8+ 36. Kc3 Rc7+ 37. Kxb3 Ke7 38. Re3 Rd4 39. Rb4 Rd2 40. f3 Rd6 41. Rb5 Rd2 42. Rc3 Rxc3+ 43. Kxc3 Rf2 44. Rb7+ Kxe6 45. Rxh7 Rxf3+ 46. Kc2 Rxf4 47. Kc3 Rf2 48. b3 Rf3+ 49. Kb4 Rf4+ 50. Ka3 Rf3 51. Rg7 Kf6 52. Rg8 Rh3 53. Rh8 g5 54. Ka4 f4 55. b4 f3 56. b5 Kg6 57. Rf8 g4 58. Rg8+ Kf5 59. b6 Rxh6 60. b7 Rb6 61. b8=Q Rxb8 62. Rxb8 g3 63. Rg8 f2 64. Rxg3 f1=Q 65. Rc3 Qa1+ 66. Kb3 Ke4 67. Rc4+ Kd3 68. Rc5 Qb1+ 69. Ka4 Kd4 70. Rb5 Qa2+ 71. Kb4 Qc4+ 72. Ka5 Qa2+ 73. Kb6 Kc4 74. Rc5+ Kd4 75. Rb5 Qa4 76. Rc5 Qb4+ 77. Rb5 Qd6+ 78. Ka5 Kc4 79. Rb6 Qc7 80. Ka6 Qc8+ 81. Ka5 Qc7 82. Ka6 Kc5 83. Rb5+ Kc6 84. Rb4 Qc8+ 85. Ka7 Qc7+ 86. Ka6 Kc5 87. Rb5+ Kc4 88. Rb7 Qc8 89. Kb6 Qe6+ 90. Kc7 Kc5 91. Rb8 Qd6+ 92. Kb7 Qc6+ 93. Ka7 Qc7+ 94. Rb7 Qc8 95. Rb8 Qc7+ 96. Rb7 Qa5+ 97. Kb8 Kc6 98. Ra7 Qd8# 0-1


[Site "https://www.chess.com"]

[Event "Titled Tuesday Blitz August 15 Late 2023"]
[White "Bueno, Alfeu Junior Varela"]
[Black "Saucey, Michel"]
[WhiteFideId "2108879"]
[BlackFideId "601845"]
[WhiteElo "2443"]
[BlackElo "2262"]
[Result "1-0"]
[Round "4"]
[TimeControl "180+1"]
[Date "2023.08.15"]
[WhiteClock "0:00:09"]
[BlackClock "0:00:00"]
[Board "149"]

1. e4 c5 2. Nc3 Nc6 3. f4 g6 4. Nf3 Bg7 5. Bb5 Nd4 6. O-O Nxb5 7. Nxb5 d5 8. exd5 a6 9. Nc3 Nf6 10. d4 c4 11. Qe2 b5 12. Ne5 Bb7 13. a4 Nxd5 14. axb5 Nxc3 15. bxc3 axb5 16. Rxa8 Bxa8 17. Ba3 O-O 18. f5 Bd5 19. Ng4 Re8 20. Qe3 gxf5 21. Nh6+ Kh8 22. Rxf5 Be6 23. Nxf7+ Bxf7 24. Rxf7 Qa5 25. Bb4 Qa1+ 26. Rf1 Qa2 27. Qg5 Qxc2 28. Qxb5 Rg8 29. Qxc4 Qe4 30. Rf2 Qb1+ 31. Qf1 Qg6 32. Bxe7 Qe6 33. Bf6 Bxf6 34. Rxf6 Qe3+ 35. Kh1 1-0


[Site "https://www.chess.com"]

[Event "Titled Tuesday Blitz August 15 Late 2023"]
[White "Pesotskiy, Mikhail"]
[Black "Schut, Han"]
[WhiteFideId "34164453"]
[BlackFideId "1005561"]
[WhiteElo "2430"]
[BlackElo "2240"]
[Result "1-0"]
[Round "4"]
[TimeControl "180+1"]
[Date "2023.08.15"]
[WhiteClock "0:01:59"]
[BlackClock "0:00:00"]
[Board "150"]

1. d4 Nf6 2. c4 g6 3. Nc3 d5 4. Bg5 Bg7 5. Bxf6 Bxf6 6. cxd5 c6 7. e3 cxd5 8. Bb5+ Bd7 9. Bxd7+ Qxd7 10. Qf3 O-O 11. Qxd5 Qc8 12. Nf3 Nc6 13. Qe4 e6 14. O-O Bg7 15. Rac1 Qd8 16. Rfd1 Qb6 17. b3 Rad8 18. Na4 Qa5 19. Nd2 Qh5 20. Nc5 Nb4 21. Nxb7 Rc8 22. a3 Na2 23. Nc4 Nxc1 24. Rxc1 e5 25. d5 f5 26. Qf3 Qxf3 27. gxf3 e4 28. Kg2 exf3+ 29. Kxf3 Be5 30. h3 Bb8 31. Rd1 Rce8 32. Nc5 Rd8 33. Ne6 1-0


[Site "https://www.chess.com"]

[Event "Titled Tuesday Blitz August 15 Late 2023"]
[White "Sarkar, Justin"]
[Black "Bogaudinov, Rushan"]
[WhiteFideId "2010011"]
[BlackFideId "4129288"]
[WhiteElo "2231"]
[BlackElo "2346"]
[Result "0-1"]
[Round "4"]
[TimeControl "180+1"]
[Date "2023.08.15"]
[WhiteClock "0:00:00"]
[BlackClock "0:00:52"]
[Board "152"]

1. d4 d5 2. c4 dxc4 3. e4 c5 4. d5 e6 5. Bxc4 a6 6. a4 Nf6 7. Nc3 exd5 8. Nxd5 Nc6 9. Nf3 Bg4 10. O-O Nd4 11. Bg5 Be7 12. Nxe7 Qxe7 13. e5 O-O-O 14. exf6 gxf6 15. Re1 Nxf3+ 16. Qxf3 Qxe1+ 17. Rxe1 Bxf3 18. Bxf6 Rhg8 19. Bxd8 Rxg2+ 20. Kf1 Kxd8 21. Re3 Bc6 22. Rh3 Rg7 23. a5 Bg2+ 0-1


[Site "https://www.chess.com"]

[Event "Titled Tuesday Blitz August 15 Late 2023"]
[White "Tqebuchava, Zurab"]
[Black "Beulen, Marcel"]
[WhiteFideId "13601113"]
[BlackFideId "1001450"]
[WhiteElo "2179"]
[BlackElo "2344"]
[Result "0-1"]
[Round "4"]
[TimeControl "180+1"]
[Date "2023.08.15"]
[WhiteClock "0:00:00"]
[BlackClock "0:00:14"]
[Board "153"]

1. e4 d5 2. exd5 Qxd5 3. Nc3 Qa5 4. Bc4 Nf6 5. h3 c5 6. d3 Nc6 7. Nf3 e6 8. O-O Be7 9. Bd2 Qd8 10. Re1 O-O 11. Ne4 b6 12. a4 h6 13. Bc3 Bb7 14. Ng3 a6 15. Qe2 Re8 16. Ne5 Nxe5 17. Bxe5 Bd5 18. Rad1 Qd7 19. Ne4 Qxa4 20. Nxf6+ Bxf6 21. Bxf6 gxf6 22. Qg4+ Kf8 23. Qh4 Bxc4 24. Qxh6+ Ke7 25. dxc4 Qxc4 26. c3 Rad8 27. Rxd8 Rxd8 28. Qe3 Qd5 29. Rf1 Qe5 30. Qf3 Rd7 31. Qa8 a5 32. Qa6 Qd6 33. Qc8 f5 34. Qh8 Qd5 35. Qh4+ Kd6 36. Qf4+ Kc6 37. Qa4+ Kb7 38. c4 Qd4 39. Qb3 e5 40. Qb5 e4 0-1


[Site "https://www.chess.com"]

[Event "Titled Tuesday Blitz August 15 Late 2023"]
[White "Hartikainen, Jarmo"]
[Black "Li, Hui"]
[WhiteFideId "503134"]
[BlackFideId "15400310"]
[WhiteElo "2109"]
[BlackElo "2336"]
[Result "0-1"]
[Round "4"]
[TimeControl "180+1"]
[Date "2023.08.15"]
[WhiteClock "0:00:07"]
[BlackClock "0:01:04"]
[Board "154"]

1. e4 e5 2. Nf3 Nf6 3. d4 exd4 4. e5 Ne4 5. Qxd4 d5 6. exd6 Nxd6 7. Nc3 Nc6 8. Qf4 Nf5 9. Nb5 Bb4+ 10. c3 Ba5 11. Nbd4 Nfxd4 12. Nxd4 Nxd4 13. Qe5+ Qe7 14. Qxe7+ Kxe7 15. Bg5+ f6 16. O-O-O fxg5 17. Rxd4 Bb6 18. Re4+ Kf6 19. h4 Bf5 20. hxg5+ Kxg5 21. Re5 Kf6 22. f4 Rhe8 23. Rh5 Bg6 24. Rhg5 Rxe5 25. Rxe5 Re8 26. Rxe8 Bxe8 27. g4 Be3+ 0-1


[Site "https://www.chess.com"]

[Event "Titled Tuesday Blitz August 15 Late 2023"]
[White "Milovic, Aleksandra"]
[Black "Harish, Neeraj"]
[WhiteFideId "933988"]
[BlackFideId "30958130"]
[WhiteElo "2102"]
[BlackElo "2325"]
[Result "0-1"]
[Round "4"]
[TimeControl "180+1"]
[Date "2023.08.15"]
[WhiteClock "0:00:00"]
[BlackClock "0:00:05"]
[Board "155"]

1. e4 c6 2. d4 d5 3. exd5 cxd5 4. Bd3 Nc6 5. c3 Nf6 6. Nf3 Bg4 7. Bf4 e6 8. Nbd2 Bd6 9. Bxd6 Qxd6 10. O-O O-O 11. Qb3 Rab8 12. a4 Bh5 13. Rae1 Bg6 14. Bxg6 hxg6 15. Ne5 Nd7 16. f4 a6 17. Ndf3 b5 18. axb5 axb5 19. Nd3 b4 20. Nfe5 bxc3 21. Qxc3 Rfc8 22. Nc5 Nxc5 23. dxc5 Qc7 24. Nxc6 Qxc6 25. b4 Rb5 26. Ra1 Qb7 27. Rfb1 Rcxc5 28. Qxc5 Rxc5 29. bxc5 Qc7 30. Rc1 d4 31. c6 d3 32. Rab1 d2 33. Rc2 Kh7 34. Rd1 Qb6+ 35. Kf1 Qb5+ 36. Kg1 Qb6+ 37. Kh1 Qe3 38. Rcxd2 Qc3 39. Rd6 g5 40. fxg5 Kg6 41. h3 Kxg5 42. R1d3 Qc1+ 43. Rd1 Qc5 44. Kh2 Kg6 45. h4 Qc4 46. R6d4 Qc5 47. Rd6 Qc4 48. R6d4 Qxc6 49. Kh3 Qc5 50. R4d3 Qf5+ 51. g4 Qe5 52. Rg3 Kh7 53. Rdg1 g6 54. h5 Kg7 55. hxg6 Kxg6 56. Rf1 Qh8+ 57. Kg2 Qb2+ 58. Rf2 Qb7+ 59. Kg1 Qd5 60. Kh2 Kg7 61. Kg1 Kf8 62. Kh2 Ke7 63. g5 Qe5 64. Kg2 Qe4+ 65. Rff3 Qg6 0-1


[Site "https://www.chess.com"]

[Event "Titled Tuesday Blitz August 15 Late 2023"]
[White "Verony64"]
[Black "Cheer_Down"]
[WhiteElo "2088"]
[BlackElo "2321"]
[Result "1-0"]
[Round "4"]
[TimeControl "180+1"]
[Date "2023.08.15"]
[WhiteClock "0:00:29"]
[BlackClock "0:00:00"]
[Board "156"]

1. e4 c5 2. Nc3 d6 3. d3 Nc6 4. g3 g6 5. Bg2 Bg7 6. f4 e6 7. Nf3 Nge7 8. O-O O-O 9. Be3 Nd4 10. Qd2 b6 11. Rae1 Bb7 12. Nd1 Nxf3+ 13. Bxf3 d5 14. e5 Qd7 15. Qg2 Rab8 16. c3 d4 17. cxd4 Bxf3 18. Qxf3 cxd4 19. Bf2 Qa4 20. a3 Rfc8 21. Qe4 Rc2 22. Bxd4 Rd8 23. Bc3 Qb3 24. Ne3 Rxc3 25. bxc3 Qxc3 26. Rd1 Bf8 27. Nc4 Nf5 28. Rfe1 b5 29. Nd6 Nxd6 30. exd6 Rxd6 31. d4 Rd5 32. Rd3 Qc4 33. Red1 a5 34. Kg2 b4 35. axb4 axb4 36. g4 b3 37. Qe2 Bg7 38. Qf2 h5 39. h3 hxg4 40. hxg4 Qb4 41. R1d2 Rb5 42. Rb2 Qc4 43. Qd2 Rd5 44. Rbxb3 Bxd4 45. Kf3 1-0


[Site "https://www.chess.com"]

[Event "Titled Tuesday Blitz August 15 Late 2023"]
[White "cthake"]
[Black "Martinez, Shawn"]
[BlackFideId "2039770"]
[WhiteElo "1826"]
[BlackElo "2318"]
[Result "0-1"]
[Round "4"]
[TimeControl "180+1"]
[Date "2023.08.15"]
[WhiteClock "0:00:00"]
[BlackClock "0:00:31"]
[Board "157"]

1. e4 c5 2. Nc3 e6 3. f4 a6 4. a4 Qc7 5. d3 Nc6 6. Nf3 d6 7. g3 g6 8. Bg2 Bg7 9. O-O Nge7 10. h3 Bd7 11. Kh2 Nd4 12. Nxd4 cxd4 13. Ne2 Rc8 14. c3 dxc3 15. bxc3 Bxc3 16. Nxc3 Qxc3 17. Rb1 Qc7 18. Bb2 O-O 19. f5 e5 20. Rc1 Qb6 21. Rb1 Qc5 22. f6 Nc6 23. Qd2 Kh8 24. Rbc1 Qb4 25. Bc3 Qxa4 26. Qh6 Rg8 27. h4 Nd4 28. Bxd4 Qxd4 29. Rcd1 Rc2 30. h5 Qb2 31. Rg1 Bg4 32. hxg6 Rxg6 33. Qf8+ Rg8 34. Qxf7 Bf3 0-1


[Site "https://www.chess.com"]

[Event "Titled Tuesday Blitz August 15 Late 2023"]
[White "Maluco_do_Natal_00"]
[Black "Ochirbat, Lkhagvajamts"]
[BlackFideId "4903153"]
[WhiteElo "2074"]
[BlackElo "2689"]
[Result "0-1"]
[Round "4"]
[TimeControl "180+1"]
[Date "2023.08.15"]
[WhiteClock "0:00:00"]
[BlackClock "0:00:36"]
[Board "158"]

1. e4 e6 2. d4 d5 3. Nc3 dxe4 4. Nxe4 Nd7 5. Nf3 Ngf6 6. Nxf6+ Nxf6 7. Bd3 b6 8. Bg5 Bb7 9. c3 Be7 10. O-O O-O 11. Qe2 h6 12. Bh4 Qd5 13. Rfe1 Rfe8 14. Bxf6 Bxf6 15. Be4 Qxe4 16. Qxe4 Bxe4 17. Rxe4 Rad8 18. Ne5 Rd5 19. f4 c5 20. dxc5 bxc5 21. Rae1 Rb8 22. R1e2 Rb6 23. Kf2 Kf8 24. Ra4 a6 25. Rc4 Ke7 26. b3 g5 27. g3 gxf4 28. gxf4 Bh4+ 29. Kf3 Bf6 30. Ke4 Rb7 31. Ra4 Rb6 32. Rg2 Kf8 33. Rc4 Rbd6 34. h3 h5 35. Ra4 Rd1 36. Nc4 Re1+ 37. Ne3 Bxc3 0-1


[Site "https://www.chess.com"]

[Event "Titled Tuesday Blitz August 15 Late 2023"]
[White "Cnejev, Vladimir-Alexandru"]
[Black "Cooper, Aaron"]
[WhiteFideId "1260898"]
[BlackFideId "2634945"]
[WhiteElo "2578"]
[BlackElo "2241"]
[Result "1-0"]
[Round "4"]
[TimeControl "180+1"]
[Date "2023.08.15"]
[WhiteClock "0:00:13"]
[BlackClock "0:00:11"]
[Board "159"]

1. Nf3 c5 2. b3 Nf6 3. Bb2 g6 4. Bxf6 exf6 5. c4 Bg7 6. Nc3 O-O 7. g3 Nc6 8. Bg2 f5 9. O-O Re8 10. e3 Ne7 11. d4 d5 12. cxd5 Nxd5 13. Nxd5 Qxd5 14. Rc1 cxd4 15. Nxd4 Qa5 16. a4 Rb8 17. Nb5 Be6 18. Qf3 Red8 19. Rc7 a6 20. Rxb7 axb5 21. axb5 Bxb3 22. Rc1 Qd2 23. Rb1 Bc2 24. Rf1 Be4 25. Rxb8 Bxf3 26. Rxd8+ Qxd8 27. Bxf3 Qb6 28. Be2 g5 29. Rc1 Be5 30. Rc6 Qb8 31. b6 f4 32. Ba6 fxe3 33. Rc8+ Kg7 34. Rxb8 exf2+ 35. Kxf2 Bxb8 36. Kf3 Kf8 37. Bd3 h6 38. Bf5 Ke7 39. Ke4 Kd6 40. b7 Kc7 41. Bc8 Ba7 42. Kf5 Bd4 43. g4 Kb8 44. h3 Kc7 45. Ke4 Ba7 46. Kd5 Kd8 47. Kd6 Bb8+ 48. Kc6 Ke7 49. Kb6 Kf6 50. Kc6 Ke5 51. Bf5 Kf4 52. Kd7 Kg3 53. Ke7 Kxh3 54. Kxf7 Kg3 55. Kg6 Kf4 56. Kxh6 Be5 57. Kg6 Bb8 58. Kf6 Be5+ 59. Ke6 Bb8 60. Kd7 Ke5 61. Kc8 Bd6 62. b8=Q Bxb8 63. Kxb8 Kf6 64. Kc7 Kg7 65. Kd6 Kh6 66. Ke6 Kg7 67. Ke7 Kh6 68. Be4 Kg7 69. Ke6 Kh6 70. Bf3 Kg7 71. Kf5 Kh6 72. Kf6 Kh7 73. Kxg5 Kg7 74. Kf5 Kh7 75. g5 Kg7 76. g6 1-0


[Site "https://www.chess.com"]

[Event "Titled Tuesday Blitz August 15 Late 2023"]
[White "Musovic, Armin"]
[Black "Fernandez Hernandez, Gerardo"]
[WhiteFideId "939935"]
[BlackFideId "2207400"]
[WhiteElo "2537"]
[BlackElo "2239"]
[Result "1-0"]
[Round "4"]
[TimeControl "180+1"]
[Date "2023.08.15"]
[WhiteClock "0:00:56"]
[BlackClock "0:00:15"]
[Board "160"]

1. a3 Nf6 2. Nc3 g6 3. e4 d6 4. d4 Bg7 5. Bg5 h6 6. Bh4 O-O 7. f4 c5 8. dxc5 dxc5 9. Qxd8 Rxd8 10. e5 Ne8 11. Bxe7 Rd7 12. Bxc5 b6 13. Be3 Bb7 14. Nf3 Bxf3 15. gxf3 Nc6 16. Bb5 Rc8 17. Rd1 Rxd1+ 18. Kxd1 Kf8 19. Kc1 Nd8 20. Bd7 Rc7 21. Ba4 Ne6 22. h4 h5 23. Nb5 Re7 24. Bb3 Bh6 25. Bxe6 fxe6 26. Rg1 Kg7 27. Nd6 Kh7 28. Nxe8 Rxe8 29. Rd1 Re7 30. Rd4 Rf7 31. c4 Bf8 32. b4 a5 33. Rd6 axb4 34. axb4 Bxd6 35. exd6 Rb7 36. c5 bxc5 37. bxc5 Rb4 38. d7 Rb8 39. c6 Kg8 40. c7 1-0


[Site "https://www.chess.com"]

[Event "Titled Tuesday Blitz August 15 Late 2023"]
[White "Nilsen, Tobias Lang"]
[Black "Kohler, Aran"]
[WhiteFideId "1521624"]
[BlackFideId "1002856"]
[WhiteElo "2439"]
[BlackElo "2224"]
[Result "0-1"]
[Round "4"]
[TimeControl "180+1"]
[Date "2023.08.15"]
[WhiteClock "0:01:46"]
[BlackClock "0:00:52"]
[Board "162"]

1. e4 c5 2. Nf3 d6 3. Bb5+ Nc6 4. O-O Bd7 5. Re1 e6 6. c3 a6 7. Bf1 Be7 8. d4 cxd4 9. cxd4 Nf6 10. Nc3 O-O 11. h3 d5 12. e5 Ne8 13. a3 Rc8 14. Bd3 h6 15. Bf4 f5 16. exf6 Bxf6 17. Ne2 g5 18. Bh2 Bg7 19. Qd2 Rxf3 20. gxf3 Nxd4 21. Nxd4 Bxd4 22. Bh7+ Kxh7 23. Qxd4 Qf6 24. Qd3+ Kg8 25. Be5 Qf5 26. Qxf5 exf5 27. Rac1 Bc6 28. f4 Kf7 29. Kh2 Rd8 30. Rcd1 Nf6 31. Bxf6 Kxf6 32. fxg5+ hxg5 33. Rd4 f4 34. h4 Rh8 35. Kg2 Rxh4 36. a4 Kf5 37. f3 g4 38. fxg4+ Rxg4+ 39. Kf2 Rg3 40. Re7 Rb3 41. Rf7+ Ke5 42. Rdxf4 Rxb2+ 43. Ke1 Kd6 44. Kd1 Kc5 45. Kc1 Ra2 46. Rc7 Kb6 47. Rg7 Rxa4 48. Rf2 Rc4+ 49. Kb2 Kc5 50. Rg5 b5 51. Rf8 Kb4 52. Rg3 d4 53. Rf5 Be4 54. Rb3+ Ka4 55. Ra3+ Kb4 56. Re5 Rc2+ 57. Kb1 Kxa3 58. Rxe4 Rd2 59. Kc1 Rd3 60. Kc2 Rc3+ 61. Kb1 Rc4 62. Re6 a5 63. Re2 a4 64. Ra2+ Kb4 65. Rb2+ Kc5 66. Rh2 Rc3 67. Rh5+ Kc4 68. Rh2 b4 69. Kb2 a3+ 70. Ka2 d3 71. Ka1 Rc2 72. Rh4+ Kb3 73. Kb1 a2+ 74. Ka1 Rc1# 0-1


[Site "https://www.chess.com"]

[Event "Titled Tuesday Blitz August 15 Late 2023"]
[White "Alexikov, Alexander"]
[Black "Arnold, Ken"]
[WhiteFideId "14103958"]
[BlackFideId "2056836"]
[WhiteElo "2217"]
[BlackElo "2395"]
[Result "0-1"]
[Round "4"]
[TimeControl "180+1"]
[Date "2023.08.15"]
[WhiteClock "0:00:00"]
[BlackClock "0:00:25"]
[Board "163"]

1. e4 c6 2. d4 d5 3. Nc3 dxe4 4. Nxe4 Nf6 5. Ng5 h6 6. N5f3 Bg4 7. h3 Bf5 8. Bc4 e6 9. Ne5 Nbd7 10. Ngf3 Nxe5 11. Nxe5 Bd6 12. Qe2 Bxe5 13. dxe5 Nd7 14. O-O Qc7 15. Re1 O-O 16. Bf4 Rfd8 17. Rad1 Nb6 18. Bb3 a5 19. a3 Nd5 20. Bc1 a4 21. Ba2 b5 22. Rd4 c5 23. Rh4 c4 24. Bxh6 gxh6 25. Qh5 Kf8 26. Qxh6+ Ke7 27. Bb1 Rh8 28. Qg5+ Kd7 29. Rd4 Qc5 30. Red1 Bg6 31. c3 Bxb1 32. Rxb1 Kc6 33. Rbd1 Rad8 34. Qg7 Qf8 35. Qg3 Rg8 36. Qf3 Qg7 37. g4 Qxe5 38. Qxf7 Rgf8 39. Qa7 Qc7 40. Qxc7+ Kxc7 41. Kf1 Rf3 42. Kg2 Rdf8 43. R1d2 Kc6 44. h4 Kc5 45. Re4 R3f6 46. Rdd4 Kd6 0-1


[Site "https://www.chess.com"]

[Event "Titled Tuesday Blitz August 15 Late 2023"]
[White "Mikhalsky, Vladimir"]
[Black "KSho99"]
[WhiteFideId "14144352"]
[WhiteElo "2378"]
[BlackElo "2214"]
[Result "1-0"]
[Round "4"]
[TimeControl "180+1"]
[Date "2023.08.15"]
[WhiteClock "0:00:14"]
[BlackClock "0:00:00"]
[Board "164"]

1. d4 d5 2. c4 dxc4 3. Nf3 Nf6 4. e3 e6 5. Bxc4 c5 6. O-O a6 7. Nc3 Nc6 8. d5 Na5 9. b3 Nxc4 10. bxc4 Bd6 11. e4 e5 12. a4 Bg4 13. h3 Bh5 14. Rb1 Qd7 15. Qd3 O-O 16. Bg5 Ne8 17. Rb3 f6 18. Bh4 Be7 19. Rfb1 Nd6 20. Bg3 Rab8 21. a5 Bxf3 22. gxf3 Qxh3 23. Na4 Rbc8 24. f4 Qg4 25. fxe5 fxe5 26. Re1 h5 27. Kf1 Qh3+ 28. Ke2 Qg4+ 29. Kd2 Bg5+ 30. Kc2 Bf4 31. Qe2 Bxg3 32. Qxg4 hxg4 33. Rxg3 Rxf2+ 34. Kd3 Rf3+ 35. Rxf3 gxf3 36. Rf1 1-0


[Site "https://www.chess.com"]

[Event "Titled Tuesday Blitz August 15 Late 2023"]
[White "Vifleemskaia, Svetlana"]
[Black "Osmonbekov, Talaibek"]
[WhiteFideId "4129490"]
[BlackFideId "2017253"]
[WhiteElo "2368"]
[BlackElo "2195"]
[Result "0-1"]
[Round "4"]
[TimeControl "180+1"]
[Date "2023.08.15"]
[WhiteClock "0:00:00"]
[BlackClock "0:01:33"]
[Board "165"]

1. d4 e6 2. c4 f5 3. a3 Nf6 4. Nc3 Be7 5. Bf4 O-O 6. Nf3 d6 7. h3 Nh5 8. Bh2 f4 9. Qd2 Nc6 10. b4 e5 11. d5 Nd4 12. Nxd4 exd4 13. Qxd4 Bf6 14. Qd2 Be5 15. O-O-O Qf6 16. Ne4 Qg6 17. f3 a5 18. b5 Bf5 19. Qd3 c6 20. a4 cxb5 21. axb5 a4 22. Kb1 a3 23. Ka2 Ra4 24. e3 Rfa8 25. exf4 Nxf4 26. Bxf4 Bxf4 27. g4 Bxe4 28. Qxe4 Qxe4 29. fxe4 Rb4 30. Bd3 Rb2+ 31. Ka1 Be5 32. Rhf1 Rf2+ 0-1


[Site "https://www.chess.com"]

[Event "Titled Tuesday Blitz August 15 Late 2023"]
[White "Oliveira, Tiago Batista"]
[Black "UgarteCesar"]
[WhiteFideId "2108291"]
[WhiteElo "2161"]
[BlackElo "2323"]
[Result "0-1"]
[Round "4"]
[TimeControl "180+1"]
[Date "2023.08.15"]
[WhiteClock "0:00:00"]
[BlackClock "0:01:14"]
[Board "166"]

1. d4 d5 2. c4 e6 3. Nf3 h6 4. g3 Nf6 5. Bg2 Nbd7 6. Nbd2 b6 7. Qa4 Bb7 8. Ne5 c5 9. cxd5 exd5 10. Ndf3 cxd4 11. Nxd4 Bd6 12. Nec6 Qc7 13. b4 O-O 14. Bb2 a5 15. Rc1 axb4 16. Qb3 Nc5 17. Qxb4 Bxc6 18. Nxc6 Qxc6 19. O-O Qa4 20. Qd2 Nce4 21. Qd1 Qxd1 22. Rfxd1 Rxa2 23. Ba1 Bc5 24. e3 Nxf2 25. Bxf6 Nxd1 0-1


[Site "https://www.chess.com"]